 Dungeon Crawl Stone Soup version 0.30.0-30-g96aa6591b8 (webtiles) character file.

Game seed: 4812900963399112020

18 Elmgren the Caller (level 2, 0/15 HPs)
             Began as a Deep Elf Summoner on June 29, 2023.
             Slain by a gnoll
             ... wielding a +0 spear
              (6 damage)
             ... on level 2 of the Dungeon.
             The game lasted 00:04:06 (2214 turns).

Elmgren the Caller (Deep Elf Summoner)              Turns: 2214, Time: 00:04:07

Health: 0/15       AC:  2    Str:  5    XL:     2   Next: 48%
Magic:  1/8        EV: 12    Int: 19    God:
Gold:   69         SH:  0    Dex: 15    Spells: 5/8 levels left

rFire   . . .        c - +0 club
rCold   . . .        (no shield)
rNeg    . . .        a - +0 robe
rPois   .            (no helmet)
rElec   .            (no cloak)
rCorr   .            (no gloves)
SInv    .            (no boots)
Will    .....        (no amulet)
Stlth   ++           (no ring)
HPRegen 0.22/turn    (no ring)
MPRegen 0.11/turn

%: no passive effects
@: no status effects
A: no striking features
a: no special abilities


You were on level 2 of the Dungeon.
You visited 1 branch of the dungeon, and saw 2 of its levels.

You collected 69 gold pieces.

Inventory:

Hand Weapons
 c - a +0 club (weapon)
Armour
 a - a +0 robe (worn)
Scrolls
 d - a scroll of fear {unknown}
Potions
 b - a potion of magic
 e - a potion of might {unknown}
 f - a potion of invisibility {unknown}
 g - a potion of mutation {unknown}


   Skills:
 - Level 2.4 Dodging
 - Level 2.4 Stealth
 + Level 3.7 Spellcasting
 + Level 4.8 Summonings


You had 5 spell levels left.
You knew the following spells:

 Your Spells              Type           Power      Damage    Failure   Level
a - Summon Small Mammal   Summ           84%        N/A       1%          1
b - Call Imp              Summ           42%        N/A       3%          2

Your spell library contained the following spells:

 Spells                   Type           Power      Damage    Failure   Level
 Call Canine Familiar     Summ           21%        N/A       6%          3
 Summon Guardian Golem    Hex/Summ       12%        N/A       16%         3
 Summon Lightning Spire   Summ/Air       12%        N/A       45%         4


Dungeon Overview and Level Annotations

Branches:
Dungeon (2/15) Zot: 9781

Altars:


Message History

Casting: Call Imp (safe; 3% risk of failure)
You don't have enough magic to cast this spell.
Unknown command.
Casting: Call Imp (safe; 3% risk of failure)
You don't have enough magic to cast this spell.
Unknown command.
Casting: Call Imp (safe; 3% risk of failure)
You don't have enough magic to cast this spell.
Unknown command.
Casting: Call Imp (safe; 3% risk of failure)
You don't have enough magic to cast this spell.
Unknown command.
Casting: Call Imp (safe; 3% risk of failure)
You don't have enough magic to cast this spell.
Unknown command.
Casting: Call Imp (safe; 3% risk of failure)
You don't have enough magic to cast this spell.
Unknown command.
Casting: Call Imp (safe; 3% risk of failure)
You don't have enough magic to cast this spell.
Unknown command.
Your bat barely misses the frilled lizard.
The frilled lizard barely misses your bat.
Your cerulean imp hits the gnoll but does no damage.
Your cerulean imp misses the gnoll.
Your bat hits the gnoll but does no damage.
Your bat hits the gnoll but does no damage.
Your bat hits the gnoll. The frilled lizard bites your bat.
The gnoll hits you from afar with a +0 spear.
The gnoll closely misses your cerulean imp.
Your cerulean imp closely misses the gnoll.
You take 5 damage, and have 10/15 hp.
MASSIVE DAMAGE!!
The frilled lizard bites you. The gnoll hits you with a +0 spear.
* * * LOW HITPOINT WARNING * * *
Your cerulean imp closely misses the gnoll.
You take 4 damage, and have 6/15 hp.
MASSIVE DAMAGE!!
Your bat hits the gnoll but does no damage.
The frilled lizard bites your bat but does no damage.
The gnoll hits you from afar with a +0 spear.
You die...

...# #.## #.. ~~♣~
#.# #.. ~~~. #.# ...
~~~♣. #.# #.# ~~~..
#.# #.# .(P.P♣ ..#
#.# #gg...# .##
####.##lg...+ [#####
#####....@bg5.#
.....#
#.....##.###.#....
.###.# #........# ..
.
.###.###.......####
...
..................+
...
.###.###.......####.
.. .# #.#
###.#.......). . .#
#.# #.########## .#
#.# #.#


You could see 4 gnolls, a frilled lizard, a friendly cerulean imp (summoned) and
a friendly bat (summoned).

Vanquished Creatures
  A bat (D:1)
1 creature vanquished.

Vanquished Creatures (collateral kills)
  2 endoplasms (D:1)
  2 goblins (D:1)
  2 hobgoblins (D:1)
  2 jackals (D:1)
  A quokka (D:2)
  3 ball pythons
  A rat (D:2)
13 creatures vanquished.

Grand Total: 14 creatures vanquished

Notes
Turn   | Place    | Note
-------+----------+-------------------------------------------
     0 | D:1      | Elmgren the Deep Elf Summoner began the quest for the Orb.
     0 | D:1      | Reached XP level 1. HP: 10/10 MP: 6/6
   777 | D:1      | Reached XP level 2. HP: 15/15 MP: 6/8
  1885 | D:2      | Learned a level 2 spell: Call Imp
  2214 | D:2      | Slain by a gnoll

Illustrated notes

Levels and vault maps discovered:
D:1:      lemuel_arrival_lava_pool, layout_loops_corners
D:2:      layout_loops_corners, serial_bayou, serial_bayou_pond_a,
          serial_bayou_pond_c, serial_bayou_lake_a, serial_bayou_shore_b,
          minmay_divided_ellipse

Action                     || total
---------------------------++-------
  Melee: Club              ||    14
         Unarmed           ||     5
   Cast: Summon Small Mamm ||    47
         Call Imp          ||     5
    Use: Scroll            ||     4
   Stab: Sleeping          ||     2
 Armour: Robe              ||    10
  Dodge: Dodged            ||    32
